 Dungeon Crawl Stone Soup version 0.18-a0-1560-ge216ca8 (webtiles) character file.

53 angel3174 the Skirmisher (level 3, -1/29 HPs)
             Began as a Demonspawn Abyssal Knight on Mar 12, 2016.
             Was a Believer of Lugonu.
             Slain by a goblin (2 damage)
             ... led by Robin
             ... on level 2 of the Dungeon.
             The game lasted 00:12:53 (2099 turns).

angel3174 the Skirmisher (DsAK)                     Turns: 2099, Time: 00:12:53

Health: -1/29      AC:  3    Str: 13    XL:     3   Next: 62%
Magic:  3/4        EV: 11    Int: 13    God:    Lugonu [**....]
Gold:   43         SH:  0    Dex: 12    Spells: 0 memorised, 2 levels left

rFire  . . .     SeeInvis .     j - +2 spear (pierce)
rCold  . . .     Gourm    .     b - +0 leather armour
rNeg   . . .     Faith    .     (no shield)
rPois  .         Spirit   .     (helmet restricted)
rElec  .         Dismiss  .     (no cloak)
rCorr  .         Reflect  .     (no gloves)
SustAt .         Harm     .     (no boots)
MR     .....                    (no amulet)
Stlth  +.........               (no ring)
                                (no ring)

@: about to teleport, not resistant to hostile enchantments, very unstealthy
A: horns 1
a: Depart the Abyss, Bend Space, Renounce Religion


You were on level 2 of the Dungeon.
You worshipped Lugonu.
Lugonu was pleased with you.
You were not hungry.

You visited 1 branch of the dungeon, and saw 2 of its levels.
You visited the Abyss 1 time.

You collected 43 gold pieces.

Inventory:

Hand Weapons
 a - a +1 spear
 f - a +0 hunting sling
 j - a +2 spear of piercing (weapon)
Missiles
 i - 65 stones
 l - 15 steel bolts
 n - 14 bolts
 o - 11 poisoned needles
 p - 6 tomahawks (quivered)
Armour
 b - a +0 leather armour (worn)
Potions
 d - a potion of agility {unknown}
 g - 3 potions of might
 h - a potion of ambrosia {unknown}
 m - a potion of lignification {unknown}
Comestibles
 c - a meat ration


   Skills:
 + Level 3.6 Fighting
 + Level 2.1 Polearms
 + Level 0.3 Throwing
 + Level 2.3 Armour
 + Level 1.4 Dodging
 + Level 2.5 Invocations


You had 2 spell levels left.
You didn't know any spells.

Dungeon Overview and Level Annotations

Branches:
Dungeon (2/15)

Altars:

Annotations:
D:2 Robin, Sigmund


Innate Abilities, Weirdness & Mutations

You have a pair of small horns on your head.


Message History

Robin roars a battlecry!
The goblins go into a battle-frenzy!
The rat twitches its whiskers.
The giant cockroach bites you. Space bends around you!
You blink.
You feel slightly more hungry.
A hobgoblin comes into view.
Robin hits you with a spear.
* * * LOW HITPOINT WARNING * * *
The hobgoblin misses you.
The goblin unwields an uncursed hunting sling.
The goblin hits you.
* * * LOW HITPOINT WARNING * * *
The goblin unwields an uncursed hunting sling.
The goblin closely misses you.
As you read the scroll labeled ZYUMED QEYSUGU, it crumbles to dust.
You feel strangely unstable.
It was a scroll of teleportation.
The hobgoblin hits you with a club.
* * * LOW HITPOINT WARNING * * *
The goblin hits you.
You die...

#.#.. +...<#.###.#....
#.######..........#....
#.................#####
###########.......# #.
#. .........# #.
##.############### #.
#......##### #.
#...ggg..g§##########.
#...g@gg..s(....@....#
#..gggg...r..........#
#.....................
##.####....#########..
#. #....# #.. # #....#
#.. #....# #.. #....#
#.( #..


You could see Robin (inner flame), a giant cockroach (inner flame), 3
hobgoblins, 7 goblins and a rat (inner flame).

Vanquished Creatures
  A gnoll (D:1)
  A dart slug (D:2)
  2 giant geckos
  4 bats
  5 giant cockroaches
  3 goblins (D:2)
  5 hobgoblins
  A quokka (D:2)
  A giant newt (D:2)
  11 kobolds
  4 rats (D:1)
38 creatures vanquished.

Notes
Turn   | Place    | Note
--------------------------------------------------------------
     0 | Abyss:1  | angel3174 the Demonspawn Abyssal Knight began the quest for the Orb.
     0 | Abyss:1  | Reached XP level 1. HP: 18/18 MP: 2/2
    56 | D:1      | Escaped the Abyss
    64 | D:1      | Reached skill level 1 in Dodging
   515 | D:1      | Gained mutation: You have a pair of small horns on your head. [demonic ancestry]
   515 | D:1      | Reached XP level 2. HP: 18/24 MP: 3/3
   779 | D:1      | Reached ** piety under Lugonu
  1121 | D:1      | Reached XP level 3. HP: 29/29 MP: 4/4
  2079 | D:2      | Noticed Sigmund
  2096 | D:2      | Noticed Robin
  2099 | D:2      | HP: 1/29 [hobgoblin/club[Robin] (5)]
  2099 | D:2      | Slain by a goblin

Vault maps used:
D:1:      saegor_arrival_simple_f
D:2:      uniq_sigmund, uniq_robin
Abyss:1:  grunt_abyss_exit_deep_breaths

Skill      XL: |  1  2 |
---------------+-------+-----
Dodging        | 1 |  1.4
Armour         | 2 |  2.3
Polearms       | 2 |  2.1
Fighting       | |  3.6
Throwing       | |  0.3
Invocations    | |  2.5

Action                   || total
-------------------------++-------
Melee: Spear             ||    74
Throw: Tomahawk          ||    22
       Stone             ||     1
Invok: Bend Space        ||     1
  Use: Scroll            ||     6
  Eat: Bread ration      ||     1
